 Dungeon Crawl Stone Soup version 0.28-a0-407-g69098e2f6d (webtiles) character file.

Game seed: 3018264411151856587

3121 zezblit the Basher (level 9, -4/75 HPs)
             Began as a Red Draconian Berserker on Sept 5, 2021.
             Was an Elder of Trog.
             Slain by a vampire (10 damage)
             ... on level 7 of the Dungeon.
             The game lasted 00:35:39 (8302 turns).

zezblit the Basher (Red Draconian Berserker)        Turns: 8302, Time: 00:35:39

Health: -4/75      AC:  8    Str: 20    XL:     9   Next: 60%
Magic:  9/9        EV: 13    Int:  7    God:    Trog [****..]
Gold:   343        SH: 11    Dex: 20    Spells: 8/8 levels left

rFire   + . .      SeeInvis .   k - +5 mace "Plog" {freeze, rC+}
rCold   + . .      Faith    .   l - +0 kite shield
rNeg    . . .      Spirit   .   (armour unavailable)
rPois   .          Reflect  .   (helmet restricted)
rElec   .          Harm     .   i - +0 cloak
rCorr   .          Rampage  .   (no gloves)
Will    ++...                   (no boots)
Stlth   ++........              (no amulet)
HPRegen 1.22/turn               x - +6 ring of dexterity
MPRegen 0.11/turn               (no ring)

@: strong-willed, regenerating, studying Maces & Flails
A: breathe fire, AC +7, unfitting armour, fire resistance 1, cold-blooded
a: Breathe Fire, Renounce Religion, Berserk, Trog's Hand, Brothers in Arms


You were on level 7 of the Dungeon.
You worshipped Trog.
Trog was greatly pleased with you.
You visited 2 branches of the dungeon, and saw 8 of its levels.
You also visited: Ossuary.

You collected 343 gold pieces.

Inventory:

Hand Weapons
 a - a +0 hand axe
 k - the +5 mace "Plog" (weapon) {freeze, rC+}
   (You found it on level 4 of the Dungeon)

   It freezes those it strikes, dealing additional cold damage.
   It can also slow down cold-blooded creatures.
   rC:        It protects you from cold.
 m - a +0 halberd
 q - a +2 short sword of venom
 C - a +1 hand axe of distortion
Missiles
 o - 5 javelins
 r - 21 poisoned darts
Armour
 i - a +0 cloak (worn)
 l - a +0 kite shield (worn)
Jewellery
 w - a ring of magical power
 x - a +6 ring of dexterity (left hand)
Wands
 e - a wand of iceblast (11)
 D - a wand of polymorph (11)
Scrolls
 f - a scroll of identify
 s - 5 scrolls of teleportation {unknown}
 u - a scroll of summoning {unknown}
 y - 2 scrolls of fog
 A - a scroll of silence {unknown}
 B - a scroll of immolation {unknown}
Potions
 b - 2 potions of berserk rage
 c - 2 potions of curing
 d - 2 potions of flight {unknown}
 g - 4 potions of brilliance
 h - 2 potions of lignification {unknown}
 j - 6 potions of heal wounds
 n - a potion of mutation {unknown}
 p - a potion of ambrosia {unknown}
 t - a potion of resistance {unknown}
 v - 2 potions of haste {unknown}
 z - a potion of magic {unknown}


   Skills:
 + Level 6.1 Fighting
 - Level 5.2(9.6) Axes
 * Level 12.2(12.6) Maces & Flails
 + Level 5.5 Dodging
 - Level 0.9 Stealth
 * Level 5.4 Shields


You had 8 spell levels left.
You didn't know any spells.
Your spell library was empty.

Dungeon Overview and Level Annotations

Branches:
Dungeon (7/15)             Temple (1/1) D:6         Ossuary (visited)

Altars:
Ashenzari
Cheibriados
Dithmenos
Elyvilon
Fedhas
Makhleb
Nemelex Xobeh
Okawaru
Qazlal
Ru
Sif Muna
Uskayaw
Wu Jian
Xom
Yredelemnul
Zin

Annotations:
D:7 1 transporter


Innate Abilities, Weirdness & Mutations

You can breathe blasts of fire.
Your fiery red scales are hard. (AC +7)
You cannot fit into any form of body armour.
Your flesh is heat resistant. (rF+)
You are cold-blooded and may be slowed by cold attacks.


Message History

You hit the steam dragon but do no damage.
The steam dragon is heavily wounded.
You block the vampire's attack.
The vampire bites you but does no damage.
The steam dragon bites you but does no damage.
You block the steam dragon's attack.
You hit the steam dragon. You freeze the steam dragon.
Your tail-slap misses the steam dragon.
The steam dragon is severely wounded.
The vampire gestures wildly while chanting.
The vampire flickers and vanishes!
Deactivating autopickup; reactivate with Ctrl-A.
The steam dragon breathes steam at you. The ball of steam hits you. You resist.
You sock the steam dragon! You freeze the steam dragon.
You kill the steam dragon!
Trog accepts your kill. Something hits you! Something bites you.
Something draws strength from your injuries!
You miss something. You block something's attack. Something bites you!
Something draws strength from your injuries!
You hit something but do no damage.
You hear some strange, mumbled words.
Something tries to affect you, but you resist.
You sock something! You freeze something.
A water moccasin comes into view.
Something hits you.
* * * LOW HITPOINT WARNING * * *
Something bites you.
* * * LOW HITPOINT WARNING * * *
Something draws strength from your injuries!
Your skin crawls.
You feel strong-willed. Something barely misses you. Something bites you!
* * * LOW HITPOINT WARNING * * *
Something draws strength from your injuries!
You closely miss something. You tail-slap something. Something hits you.
* * * LOW HITPOINT WARNING * * *
Something bites you!
You die...

..##.....# ####.........
..##.....###........#...
..##........)..§..§.#...
........................
..........###+##.§......
........#.# #.##........
.#####..#..##...........
........##.##...........
.##...#.# .##...@...S...
..########......†{.##...
..# #....#....# ... ..#
#....'....# .. ..#
#...##..... ..# #...
....... ### #©. .#......
# #.#....... ..#


You could see a water moccasin.

Vanquished Creatures
  A wyvern (D:7)
  A steam dragon (D:7)
  2 water moccasins (D:5)
  A black bear (D:5)
  2 sky beasts (D:6)
  2 ogres
  A hornet zombie (Ossuary)
  2 necrophages
  2 centaurs
  A phantom (D:6)
  A kobold brigand (D:5)
  Blork the orc (D:4)
  2 bullfrogs
  A wyvern zombie (Ossuary)
  4 water moccasin zombies (Ossuary)
  A scorpion (D:5)
  A howler monkey (D:6)
  4 bullfrog zombies
  4 centaur zombies
  An orc priest (D:6)
  2 bullfrog skeletons
  3 jellies
  3 iguanas
  2 orc wizards (D:6)
  2 killer bee zombies (Ossuary)
  14 mummies (Ossuary)
  2 howler monkey zombies
  5 adders
  2 shadow imps
  2 ufetubi
  2 worms
  2 dart slugs
  15 orcs
  5 bats
  13 endoplasms
  6 giant cockroaches
  7 goblins
  10 hobgoblins
  2 jackals (D:1)
  2 quokkas (D:1)
  4 ball pythons
  3 frilled lizards
  2 goblin zombies (D:6)
  9 kobolds
154 creatures vanquished.

Vanquished Creatures (others)
  10 withered plants (Ossuary)
10 creatures vanquished.

Grand Total: 164 creatures vanquished

Notes
Turn   | Place    | Note
-------+----------+-------------------------------------------
     0 | D:1      | zezblit the Draconian Berserker began the quest for the
                  | Orb.
     0 | D:1      | Reached XP level 1. HP: 19/19 MP: 1/1
   344 | D:1      | Reached XP level 2. HP: 26/26 MP: 2/2
   669 | D:1      | Reached ** piety under Trog
   781 | D:1      | Reached XP level 3. HP: 33/33 MP: 3/3
  2564 | D:2      | Reached XP level 4. HP: 40/40 MP: 4/4
  3249 | D:3      | Reached *** piety under Trog
  3515 | D:4      | Identified a scroll of acquirement
  3515 | D:4      | Acquired a manual of Maces & Flails
  3780 | D:4      | Noticed an ogre
  3788 | D:4      | Killed an ogre
  3789 | D:4      | Reached skill level 5 in Axes
  3789 | D:4      | Reached skill level 1 in Maces & Flails
  3789 | D:4      | Reached XP level 5. HP: 39/46 MP: 5/5
  3826 | D:5      | Entered Level 5 of the Dungeon
  3826 | D:5      | Noticed a water moccasin
  3929 | D:4      | Identified the +5 mace "Plog" {freeze, rC+}
  4278 | D:4      | Noticed a necrophage
  4289 | D:4      | Killed a necrophage
  4290 | D:4      | Reached skill level 2 in Maces & Flails
  4290 | D:4      | Reached skill level 1 in Shields
  4290 | D:4      | Reached XP level 6. HP: 33/53 MP: 6/6
  4441 | D:4      | Noticed Blork the orc
  4451 | D:4      | Killed Blork the orc
  4452 | D:4      | Reached skill level 3 in Maces & Flails
  4963 | D:5      | Reached skill level 4 in Maces & Flails
  4963 | D:5      | Your scales start taking on a fiery red colour.
  4963 | D:5      | Reached XP level 7. HP: 60/60 MP: 7/7
  4963 | D:5      | Gained mutation: Your flesh is heat resistant. (rF+) [Red
                  | Draconian growth]
  5086 | D:6      | Found a sand-covered staircase.
  5102 | Ossuary  | Entered an ossuary
  5111 | Ossuary  | Reached skill level 5 in Maces & Flails
  5138 | Ossuary  | Reached skill level 6 in Maces & Flails
  5226 | Ossuary  | Reached skill level 5 in Fighting
  5442 | Ossuary  | Reached skill level 7 in Maces & Flails
  5442 | Ossuary  | Reached XP level 8. HP: 25/68 MP: 8/8
  5816 | Ossuary  | Reached skill level 8 in Maces & Flails
  5989 | Ossuary  | Reached **** piety under Trog
  6078 | Ossuary  | Reached skill level 9 in Maces & Flails
  6456 | D:5      | Reached skill level 5 in Dodging
  6542 | D:5      | Reached skill level 10 in Maces & Flails
  6953 | D:5      | Reached XP level 9. HP: 74/75 MP: 9/9
  7394 | D:6      | Found a staircase to the Ecumenical Temple.
  7404 | D:6      | Reached skill level 11 in Maces & Flails
  7408 | Temple   | Entered the Ecumenical Temple
  7594 | D:6      | Reached skill level 5 in Shields
  8186 | D:7      | Reached skill level 12 in Maces & Flails
  8290 | D:7      | Found a transporter.
  8302 | D:7      | Slain by a vampire

Illustrated notes

Levels and vault maps discovered:
D:1:      minmay_arrival_widening_spiral_wide, layout_rooms, st_stairs_14,
          bh_walls_and_bars
D:2:      layout_loops_corners
D:3:      layout_loops_cross
D:4:      layout_basic, hangedman_decor_growths, minmay_distorted,
          uniq_blork_the_orc
D:5:      layout_loops_ring
D:6:      layout_cave_pools, minmay_temple_entry_hall, enter_ossuary_4,
          minmay_crystal_room
D:7:      layout_basic, gammafunk_ghost_smash
Temple:   eino_temple_rhombus

Skill      XL: |  1  2  3  4  5  6  7  8  9 |
---------------+----------------------------+-----
Axes           | 4 5 |  5.2
Dodging        | 3 4 5 |  5.5
Fighting       | 4 5 6 |  6.1
Maces & Flails | 1 2 4 7 10 12 | 12.2
Shields        | 1 2 4 5 |  5.4
Stealth        | |  0.9

Action                   |  1- 3 |  4- 6 |  7- 9 || total
-------------------------+-------+-------+-------++-------
Melee: Hand axe          |   135 |    76 |       ||   211
       Tailslap          |    20 |    19 |    48 ||    87
       Mace              |       |    49 |   274 ||   323
Invok: Berserk           |     4 |     1 |     1 ||     6
       Trog's Hand       |       |     2 |     2 ||     4
  Use: Scroll            |       |     7 |     2 ||     9
 Stab: Sleeping          |       |     2 |     4 ||     6
Armor: Skin              |    51 |    41 |    79 ||   171
Dodge: Dodged            |    83 |    95 |   114 ||   292
Block: Kite shield       |       |    18 |   117 ||   135

Table legend: (Time is in decaauts)
 A = Elapsed time spent in this place.
 B = Non-inter-level travel time spent in this place.
 C = Inter-level travel time spent in this place.
 D = Time resting spent in this place.
 E = Time spent auto-exploring this place.
 F = Levels seen in this place.
 G = Mean time per level.
                   A        B        C        D        E       F      G
               +--------+--------+--------+--------+--------+-----+--------+
         Total |   8511 |   8239 |    272 |   2255 |   4365 |   9 |  945.7 |
       Dungeon |   6942 |   6689 |    253 |   1310 |   4100 |   7 |  991.7 |
        Temple |    175 |    156 |     19 |      0 |    143 |   1 |  175.0 |
       Ossuary |   1392 |   1392 |      0 |    944 |    122 |   1 | 1392.0 |
               +--------+--------+--------+--------+--------+-----+--------+

Top non-repeatable levels by time:
     D:2: 1593 daAuts
     D:4: 1474 daAuts
 Ossuary: 1392 daAuts
     D:1: 1172 daAuts
     D:6: 904 daAuts
     D:5: 807 daAuts
     D:3: 787 daAuts
     D:7: 202 daAuts
  Temple: 175 daAuts
